 Dungeon Crawl Stone Soup version 0.23-a0-143-g1adec7b (webtiles) character file.

1239 galech the Chopper (level 8, -1/61 HPs)
             Began as a Demonspawn Monk on Sept 3, 2018.
             Slain by an orc warrior
             ... wielding a +0 war axe of chopping
              (3 damage)
             ... on level 6 of the Dungeon.
             The game lasted 00:08:19 (6677 turns).

galech the Chopper (Demonspawn Monk)                Turns: 6677, Time: 00:08:20

Health: -1/61      AC: 13    Str: 12    XL:     8   Next: 25%
Magic:  0/8        EV: 13    Int: 12    God:
Gold:   390        SH:  0    Dex: 17    Spells: 7/7 levels left

rFire    + . .     SeeInvis .   o - +0 war axe
rCold    + . .     Gourm    .   (no shield)
rNeg     . . .     Faith    .   i - +0 ring mail
rPois    .         Spirit   +   (no helmet)
rElec    .         Reflect  .   (no cloak)
rCorr    .         Harm     .   p - +0 pair of gloves
MR       .....                  (no boots)
Stlth    ++........             (no amulet)
HPRegen  0.20/turn              s - ring of protection from fire
MPRegen  0.22/turn              (no ring)

@: about to teleport, sanguine armour
A: hooves 1, cold resistance 1, magic shield, magic regeneration, sanguine
armour 1
a: no special abilities


You were on level 6 of the Dungeon.
You were not hungry.

You visited 1 branch of the dungeon, and saw 6 of its levels.
You also visited: Sewer.

You collected 390 gold pieces.

Inventory:

Hand Weapons
 o - a +0 war axe (weapon)
Armour
 i - a +0 ring mail (worn)
 p - a +0 pair of gloves (worn)
Jewellery
 s - a ring of protection from fire (left hand)
Wands
 n - a wand of acid (5)
 u - a wand of enslavement (14)
Scrolls
 b - 2 scrolls of noise {unknown}
 d - 6 scrolls of remove curse
 f - 5 scrolls of blinking
 g - 2 scrolls of fear {unknown}
 j - 2 scrolls of teleportation
 l - 2 scrolls of amnesia
 q - a scroll of enchant armour {unknown}
 v - a scroll of immolation {unknown}
 w - 2 scrolls of identify
Potions
 a - a potion of brilliance {unknown}
 e - 2 potions of invisibility {unknown}
 h - a potion of cancellation {unknown}
 m - 3 potions of heal wounds {unknown}
 r - a potion of mutation {unknown}
 t - a potion of ambrosia {unknown}
 x - 2 potions of curing {unknown}
 z - a potion of might {unknown}
 A - 2 potions of haste {unknown}
 B - 2 potions of flight
Comestibles
 c - 12 rations
 k - 3 chunks of flesh


   Skills:
 + Level 4.9 Fighting
 + Level 6.4 Axes
 + Level 4.1 Armour
 + Level 4.4 Dodging
 + Level 2.7 Stealth


You had 7 spell levels left.
You didn't know any spells.
Your spell library contained the following spells:

 Spells                   Type           Power        Failure   Level  Hunger
 Magic Dart               Conj           #...         56%         1    ##.....


Dungeon Overview and Level Annotations

Branches:
Dungeon (6/15)             Temple (0/1) D:6

Altars:
Dithmenos
Hepliaklqana
Kikubaaqudgha
Ru
Sif Muna
Vehumet
Wu Jian
Zin

Annotations:
D:4 3 runed doors, Arum's ghost, novice FoFi; Thaneod's ghost, novice VSFi


Innate Abilities, Weirdness & Mutations

You have large cloven feet.
Your flesh is cold resistant. (rC+)
When hurt, damage is shared between your health and your magic reserves.
You regenerate magic rapidly.
When seriously injured, your bleeding wounds create armour. (AC +6)


Message History

The orc warrior shouts!
You hear a shout!
You hit the orc. You kick the orc.
The orc is severely wounded.
The orc hits you but does no damage.
You slash the orc!
You kill the orc!
You hit the orc priest.
The orc priest calls down the wrath of Beogh upon you.
Beogh smites you!
Your blood congeals into armour.
The orc priest calls down the wrath of Beogh upon you.
Beogh smites you!
The orc priest calls down the wrath of Beogh upon you.
Beogh smites you!
* * * LOW HITPOINT WARNING * * *
As you read the scroll of teleportation, it crumbles to dust.
You feel strangely unstable.
The orc warrior hits you with a war axe of chopping!
* * * LOW HITPOINT WARNING * * *
You die...

*,,,...#****..........<...#
#.#
***##..#****########.###..#
#.. ,,,,....,,,,,,..#
#.###..#* #.#
,***#..#******#.# #..#*...*
#.# ** #..# #.# ##.#*,*,* #.#
#..# #.# #.#*,*,* #.. #).#
#.# #.#*,*,* ***
#..########.#####.#*,*,* *
#.......o.oo@)....##,*,* *
#.......###............#*****
* #########
##.########...,,,,,
#........,,*#*****
#########***


You could see an orc warrior, an orc priest and an orc.

Vanquished Creatures
  2 steam dragons (D:5)
  A hornet zombie (D:6)
  A phantom (D:5)
  An ogre (D:6)
  A centaur (D:5)
  A water moccasin skeleton (D:6)
  2 howler monkeys (D:4)
  A crimson imp (D:5)
  A hound (D:5)
  An orc priest (D:3)
  A centaur skeleton (D:4)
  2 merfolk sirens (Sewer)
  4 worker ants
  A merfolk avatar (Sewer)
  10 adders
  A shadow imp (D:5)
  An ooze (D:4)
  3 worms
  2 dart slugs (D:1)
  2 leopard geckos
  6 orcs
  6 bats
  10 giant cockroaches
  7 hobgoblins
  16 jackals
  3 quokkas
  6 ball pythons
  7 frilled lizards
  6 goblins
  5 kobolds
  2 quokka skeletons
  26 rats
139 creatures vanquished.

Vanquished Creatures (others)
  A fungus (D:5)
  3 withered plants (D:4)
4 creatures vanquished.

Grand Total: 143 creatures vanquished

Notes
Turn   | Place    | Note
-------+----------+-------------------------------------------
     0 | D:1      | galech the Demonspawn Monk began the quest for the Orb.
     0 | D:1      | Reached XP level 1. HP: 18/18 MP: 1/1
   298 | D:1      | Gained mutation: When hurt, damage is shared between your
                  | health and your magic reserves. [demonic ancestry]
   298 | D:1      | Reached XP level 2. HP: 14/24 MP: 2/2
   615 | D:1      | Reached skill level 3 in Axes
  1205 | D:2      | Found a faded altar of an unknown god.
  1241 | D:2      | Gained mutation: When seriously injured, your bleeding
                  | wounds create armour. (AC +6) [demonic ancestry]
  1241 | D:2      | Reached XP level 3. HP: 26/29 MP: 3/3
  1516 | D:2      | Found a glowing silver altar of Zin.
  1590 | D:2      | Found an ornate altar of the Wu Jian Council.
  2143 | D:3      | Gained mutation: You regenerate magic rapidly. [demonic
                  | ancestry]
  2143 | D:3      | Reached XP level 4. HP: 24/35 MP: 4/4
  2317 | D:3      | Reached skill level 1 in Armour
  2584 | D:3      | Gained mutation: You have large cloven feet. [demonic
                  | ancestry]
  2584 | D:3      | Reached XP level 5. HP: 16/41 MP: 3/5
  3038 | D:3      | Reached skill level 4 in Axes
  3246 | D:3      | Found a sacrificial altar of Ru.
  3246 | D:3      | Found a hazy altar of Hepliaklqana.
  3369 | D:4      | Gained mutation: Your flesh is cold resistant. (rC+)
                  | [demonic ancestry]
  3369 | D:4      | Reached XP level 6. HP: 20/48 MP: 4/6
  3524 | D:4      | Found a runed gate.
  3524 | D:4      | Found a runed gate.
  3524 | D:4      | Found a runed gate.
  3525 | D:4      | Noticed Thaneod's ghost (novice VSFi)
  3525 | D:4      | Noticed Arum's ghost (novice FoFi)
  4228 | D:5      | Entered Level 5 of the Dungeon
  4246 | D:5      | Found an ancient bone altar of Kikubaaqudgha.
  4365 | D:5      | Found a radiant altar of Vehumet.
  4367 | D:5      | Identified Vehumet's Collected Works on Attacks
  4371 | D:5      | Found a deep blue altar of Sif Muna.
  4541 | D:5      | Reached skill level 5 in Axes
  4541 | D:5      | Reached XP level 7. HP: 25/54 MP: 7/7
  4791 | D:5      | Found a shadowy altar of Dithmenos.
  4999 | D:5      | Noticed a steam dragon
  4999 | D:5      | Noticed a steam dragon
  5013 | D:5      | Killed a steam dragon
  5031 | D:5      | Killed a steam dragon
  5649 | D:6      | Found a glowing drain.
  5653 | Sewer    | Entered a sewer
  6256 | Sewer    | Reached XP level 8. HP: 61/61 MP: 8/8
  6407 | D:6      | Reached skill level 6 in Axes
  6677 | D:6      | HP: 2/61 [orc warrior/war axe of chopping (13)]
  6677 | D:6      | Slain by an orc warrior

Vault maps used:
D:1:      dpeg_arrival_rhombi
D:2:      marbit_many_paths, zin_statuary, first_ration,
          chequers_ecumenical_altar_simple_redux
D:3:      gammafunk_temple_overflow_statue, grunt_decor_cap, dk_noncrumbling_3,
          st_stairs_8
D:4:      gammafunk_ghost_cemetery
D:5:      kennysheep_steamy, grunt_temple_overflow_magic_moments,
          grunt_dithmenos_shadows
D:6:      old_standard_altar, minmay_temple_entry_junction,
          gup_sewer_entry_bowl, fountainhead, bh_chokoban, amethyst_killhole,
          uniq_pikel
Sewer:    sewer_sea

Skill      XL: |  1  2  3  4  5  6  7  8 |
---------------+-------------------------+-----
Stealth        | 2 |  2.7
Axes           | 3 4 5 6 |  6.4
Dodging        | 3 4 |  4.4
Armour         | 1 2 3 4 |  4.1
Fighting       | 4 |  4.9

Action                   |  1- 3 |  4- 6 |  7- 9 || total
-------------------------+-------+-------+-------++-------
Melee: Hand axe          |   143 |    61 |       ||   204
       War axe           |       |   138 |   207 ||   345
       Kick              |       |    40 |    48 ||    88
  Use: Scroll            |       |     7 |     2 ||     9
       Potion            |       |       |     2 ||     2
 Stab: Sleeping          |     5 |     1 |     1 ||     7
       Distracted        |       |     1 |       ||     1
  Eat: Chunk             |     4 |     8 |     7 ||    19
Armor: Robe              |     8 |       |       ||     8
       Ring mail         |    38 |    83 |    76 ||   197
Dodge: Dodged            |    91 |   149 |   147 ||   387

Table legend:
 A = Non-vault XP
 B = Vault XP
 C = Vault XP percentage of total XP
 D = Non-vault monster count
 E = Vault monster count
 F = Vault count percentage of total count
                 A         B        C        D         E       F
            +---------+---------+-------+---------+---------+-------
      Total |    1089 |     681 |  38.5 |      91 |      48 |  34.5
            +---------+---------+-------+---------+---------+-------
        D:1 |      31 |       0 |   0.0 |      16 |       0 |   0.0
        D:2 |      51 |       2 |   3.8 |      14 |       1 |   6.7
        D:3 |     163 |       1 |   0.6 |      30 |       1 |   3.2
        D:4 |     240 |       0 |   0.0 |      14 |       0 |   0.0
        D:5 |     276 |     485 |  63.7 |      13 |       3 |  18.8
        D:6 |     328 |      13 |   3.8 |       4 |       4 |  50.0
      Sewer |       0 |     180 | 100.0 |       0 |      39 | 100.0
            +---------+---------+-------+---------+---------+-------
